 Dungeon Crawl Stone Soup version 0.17-a0-2069-g0f4ee5b (webtiles) character file.

185564 graki42 the Severer (level 17, -6/160 HPs)
             Began as a Minotaur Fighter on Oct 12, 2015.
             Was the Champion of Okawaru.
             Mangled by Mara
             ... wielding a +0 demon trident of pain
              (17 damage)
             ... on level 4 of the Swamp on Oct 13, 2015.
             The game lasted 02:31:52 (30934 turns).

graki42 the Severer (Minotaur Fighter)             Turns: 30934, Time: 02:31:53

Health: -6/160     AC: 41    Str: 26    XL:     17   Next: 41%
Magic:  17/17      EV: 10    Int:  5    God:    Okawaru [******]
Gold:   2924       SH: 17    Dex: 13    Spells: 0 memorised, 16 levels left

rFire  + . .     SeeInvis +     d - +1 war axe (flame)
rCold  . . .     Clarity  +     F - +13 crystal plate armour "Wess" {Regen+}
rNeg   . . .     SustAt   .     c - +1 shield
rPois  +         Gourm    +     r - +1 hat {MR+}
rElec  .         Spirit   .     f - +0 cloak of Duck's Teeth {-Cast rPois rCorr}
rCorr  +         Warding  .     t - +0 pair of gloves {Dex+3}
rMut   .         Stasis   .     (no boots)
MR     +++..     NoCast   +     E - amulet of the gourmand
Stlth  ..........               Y - ring of protection from fire
                                Q - ring of see invisible

@: extremely resistant to hostile enchantments, extremely unstealthy
A: retaliatory headbutt, horns 2, clarity, clumsy 1, magic resistance 1, poison
resistance
a: Heroism, Finesse, Renounce Religion
}: 1/15 runes: gossamer


You were on level 4 of the Swamp.
You worshipped Okawaru.
Okawaru was exalted by your worship.
You were full.

You visited 6 branches of the dungeon, and saw 32 of its levels.
You also visited: Ossuary and Bailey.

You collected 4162 gold pieces.
You spent 1238 gold pieces at shops.

Inventory:

Hand Weapons
 d - a +1 war axe of flaming (weapon)
 h - the +6 war axe of the Imperium {venom, rPois rC+ Dex+2}
   (Okawaru gifted it to you on level 4 of the Orcish Mines)

   It poisons the flesh of those it strikes.
   It affects your dexterity (+2).
   It protects you from cold.
   It protects you from poison.
 D - a +5 vampiric war axe
 K - a +4 broad axe of freezing
 X - a +0 morningstar of crushing
Missiles
 q - a throwing net (quivered)
Armour
 c - a +1 shield (worn)
 f - the +0 cloak of Duck's Teeth (worn) {-Cast rPois rCorr}
   (You bought it in a shop on level 3 of the Orcish Mines)

   It protects you from poison.
   It prevents spellcasting.
   It protects you from acid and corrosion.
 r - a +1 hat of magic resistance (worn)
 t - a +0 pair of gloves of dexterity (worn)
 F - the +13 crystal plate armour "Wess" (worn) {Regen+}
   (Okawaru gifted it to you on level 6 of the Lair of Beasts)

   It increases your rate of regeneration.
Jewellery
 b - an uncursed ring of teleportation
 k - an uncursed ring of protection from magic
 n - an uncursed amulet of resist mutation
 p - an uncursed ring of flight
 x - an uncursed ring of invisibility
 E - an amulet of the gourmand (around neck)
 Q - a ring of see invisible (left hand)
 S - the ring of Mixeipaz {rC+ Dex+3}
   (You found it on level 7 of the Lair of Beasts)

   [ring of dexterity]

   It affects your dexterity (+3).
   It protects you from cold.
 Y - a ring of protection from fire (right hand)
Wands
 v - a wand of paralysis (11)
 y - a wand of digging (15)
 C - a wand of random effects (23)
 J - a wand of polymorph (13)
 M - a wand of polymorph (12)
 R - a wand of heal wounds (5)
 T - a wand of disintegration (5)
Scrolls
 g - a scroll of recharging
 i - 4 scrolls of teleportation
 l - 7 scrolls of fear
 s - 9 scrolls of remove curse
 A - a scroll of blinking
 B - 2 scrolls of magic mapping
 N - 8 scrolls of identify
 O - a scroll of enchant armour
Potions
 j - 10 potions of curing
 m - 5 potions of resistance
 o - 5 potions of heal wounds
 u - a potion of flight
 w - 3 potions of might
 z - 4 potions of haste
 I - 3 potions of berserk rage
 L - 2 potions of brilliance
Books
 V - a book of the Tempests

   Spells                             Type                      Level
   a - Static Discharge               Conjuration/Air              3
   b - Lightning Bolt                 Conjuration/Air              5
   c - Fireball                       Conjuration/Fire             5
   d - Tornado                        Air                          9
   e - Shatter                        Earth                        9
 W - a book of Death

   Spells                             Type                      Level
   a - Corpse Rot                     Necromancy                   2
   b - Sublimation of Blood           Necromancy                   2
   c - Agony                          Necromancy                   5
   d - Dispel Undead                  Necromancy                   5
   e - Excruciating Wounds            Charms/Necromancy            5
   f - Bolt of Draining               Conjuration/Necromancy       5
Miscellaneous
 a - a lamp of fire
 G - a disc of storms
 H - a fan of gales
 P - a phantom mirror
Comestibles
 e - 12 bread rations
 U - 2 meat rations


   Skills:
 + Level 16.6 Fighting
 + Level 19.5(19.6) Axes
 + Level 3.1(13.6) Maces & Flails
 + Level 0.4 Throwing
 + Level 15.1 Armour
 + Level 10.5 Dodging
 + Level 18.3 Shields
 + Level 2.6 Invocations
 + Level 1.2 Evocations


You had 16 spell levels left.
You didn't know any spells.

Dungeon Overview and Level Annotations

Branches:
Dungeon (11/15)            Temple (1/1) D:5            Lair (8/8) D:11
  Swamp (4/4) Lair:4       Spider (4/4) Lair:4        Slime (0/6) Lair:6
    Orc (4/4) D:10            Elf (0/3) Orc:4

Altars:
Ashenzari
Cheibriados
Dithmenos
Elyvilon
Fedhas
Gozag
Kikubaaqudgha
Makhleb
Nemelex Xobeh
Okawaru
Qazlal
Ru
Sif Muna
Trog
Vehumet
Xom
Yredelemnul
Zin
The Shining One
Beogh

Shops:
Orc:3 *   Orc:4 (=[*

Annotations:
Swamp:4 Mara


Innate Abilities, Weirdness & Mutations

You reflexively headbutt those who attack you in melee.
You have a pair of horns on your head.
You possess an exceptional clarity of mind.
You are clumsy. (Dex -2)
You are resistant to hostile enchantments.
Your system is resistant to poisons.


Message History

You feel like a meek peon again. You block Mara's attack.
Mara says, "Bound art thou by all the snares!"
You miss Mara. You headbutt Mara, but do no damage.
Mara is lightly wounded.
Mara splashes around in the water.
Mara gestures at you. The bolt of fire hits you! You resist.
You slash Mara! You burn Mara. You headbutt Mara!
Mara is moderately wounded.
Mara weaves an illusion.
Mara hits you but does no damage.
You writhe in agony.
* * * LOW HITPOINT WARNING * * *
Mara hits you from afar with a demon trident of pain!
* * * LOW HITPOINT WARNING * * *
You writhe in agony.
* * * LOW HITPOINT WARNING * * *
Mara's face changes twice.
Mara hits you but does no damage.
You writhe in agony.
You die...

≈≈.♣.♣♣ ...$.♣♣
.≈≈..§♣♣
..≈≈♣≈♣♣
♣≈≈≈...♣
♣§§≈≈≈≈♣♣
♣♣§§R≈..≈♣
♣≈@†...≈♣
♣♣[†≈..♣♣
♣≈≈....R≈R...♣
≈≈..§.≈≈≈≈≈≈≈≈♣
≈≈≈≈.≈≈≈≈≈.≈≈.♣
≈≈≈≈≈≈≈≈≈≈≈..≈.≈
≈§≈≈≈≈≈.≈≈≈....≈
..≈..≈..≈≈.§♣{≈)
♣♣♣♣...≈..≈♣≈.♣


You could see 3 Maras.

Vanquished Creatures
  Rupert (Orc:3)
  3 thorn hunters
  5 ghost moths (Spider:4)
  10 emperor scorpions
  An orc warlord (Orc:4)
  A stone giant (Orc:4)
  Snorg (Lair:3)
  A fire dragon (Lair:8)
  A ghost crab (Swamp:4)
  19 hydras
  An ice dragon (Lair:8)
  An entropy weaver (Spider:3)
  A queen ant (Spider:3)
  12 death yaks
  8 alligators
  4 orc high priests (Orc:4)
  A fire crab (Lair:5)
  Urug (Lair:4)
  Nergalle (Orc:1)
  An unseen horror (D:10)
  11 swamp dragons
  2 lindwurms (Lair:8)
  6 shambling mangroves
  4 hornets
  2 ugly things (D:11)
  5 orc knights
  20 wolf spiders
  2 griffons
  A necromancer (Spider:1)
  A moth of wrath (Spider:2)
  An oklob plant (D:11)
  4 black mambas
  10 orb spiders
  3 cyclopes (D:11)
  4 orc sorcerers (Orc:4)
  14 slime creatures
  5 elephants (Lair:6)
  2 centaur skeletons (D:11)
  11 spiny frogs
  6 torpor snails (Lair:8)
  A kobold demonologist (D:11)
  13 demonic crawlers
  13 komodo dragons
  5 fire drakes
  2 polar bears
  29 jumping spiders
  20 blink frogs
  12 giant leeches
  5 trolls
  6 bog bodies
  2 boulder beetles
  2 shadows (D:11)
  2 wyverns
  2 spriggans
  27 yaks
  Sigmund (D:3)
  23 trapdoor spiders
  A deep elf mage (D:7)
  A wraith (D:10)
  4 basilisks (Lair:8)
  22 redbacks
  5 vampire mosquitoes (Swamp:1)
  2 hungry ghosts (D:8)
  19 tarantellas
  9 hippogriffs
  A vampire (D:11)
  13 wolves
  3 steam dragons (Lair:8)
  12 insubstantial wisps
  7 soldier ants
  11 water moccasins
  Edmund (D:4)
  19 swamp worms
  A mottled dragon (Lair:8)
  2 wargs (Orc:4)
  The ghost of Zebura the Sneak, an amateur VSAs (D:3)
  33 orc warriors
  46 spiders
  13 porcupines
  3 sky beasts
  20 wasps
  8 ogres
  12 swamp drakes
  2 black bears
  5 phantoms
  2 ice beasts
  8 crocodiles
  7 centaurs
  2 big kobolds
  3 brain worms (Lair:8)
  15 giant frogs
  A gnoll sergeant (D:8)
  8 scorpions
  3 killer bees (D:8)
  11 wights
  4 electric eels
  7 crimson imps
  10 hounds
  2 centaur zombies
  34 orc wizards
  A giant frog skeleton (D:10)
  3 jellies
  Crazy Yiuf (D:3)
  41 orc priests
  Jessica (D:3)
  13 iguanas
  Terence (D:3)
  28 worker ants
  7 hell rats (Lair:7)
  16 sheep
  3 mummies (Ossuary)
  A hound skeleton (D:11)
  9 gnolls
  2 worker ant zombies
  14 adders
  54 river rats
  3 shadow imps
  2 oozes
  4 adder zombies
  18 worms
  An adder skeleton (D:4)
  9 giant geckos
  188 orcs
  8 bats
  5 giant cockroaches
  3 gnoll zombies
  14 goblins
  12 hobgoblins
  10 jackals
  4 ball pythons
  A giant gecko zombie (D:5)
  6 giant newts
  3 goblin skeletons (D:8)
  5 goblin zombies (Ossuary)
  3 hobgoblin zombies
  24 kobolds
  3 kobold zombies (Ossuary)
  4 orc zombies
  4 quokkas
  A quokka skeleton (D:7)
  2 quokka zombies (Ossuary)
  9 rats
  A rat zombie (Ossuary)
  15 briar patches
  10 fungi
  8 plants
1321 creatures vanquished.

Vanquished Creatures (collateral kills)
  A death yak (Lair:6)
1 creature vanquished.

Vanquished Creatures (others)
  A hydra (Swamp:4)
  A spiny frog (Swamp:4)
  A fire drake (Lair:8)
  2 trapdoor spiders (Spider:4)
  3 insubstantial wisps (Swamp:4)
  A swamp drake (Swamp:4)
  An orc wizard (D:4)
  A bush (Lair:6)
  8 fungi
  12 plants
31 creatures vanquished.

Grand Total: 1353 creatures vanquished

Notes
Turn   | Place    | Note
--------------------------------------------------------------
     0 | D:1      | graki42 the Minotaur Fighter began the quest for the Orb.
     0 | D:1      | Reached XP level 1. HP: 19/19 MP: 0/0
   140 | D:1      | Reached XP level 2. HP: 24/27 MP: 1/1
   164 | D:1      | Reached skill level 4 in Shields
   428 | D:1      | Reached XP level 3. HP: 33/33 MP: 2/2
   691 | D:2      | Reached skill level 1 in Dodging
   838 | D:2      | Found a blossoming altar of Fedhas.
   947 | D:2      | Reached XP level 4. HP: 32/40 MP: 3/3
  1138 | D:3      | Found a faded altar to an unknown god.
  1209 | D:3      | Noticed Jessica
  1216 | D:3      | Killed Jessica
  1309 | D:3      | Found a deep blue altar of Sif Muna.
  1471 | D:3      | Found a basalt altar of Yredelemnul.
  1579 | D:3      | Noticed Zebura's ghost (amateur VSAs)
  1584 | D:3      | Reached XP level 5. HP: 35/47 MP: 4/4
  1588 | D:3      | Killed Zebura's ghost
  1588 | D:3      | Reached skill level 5 in Shields
  1593 | D:3      | Reached skill level 5 in Armour
  1593 | D:3      | Reached XP level 6. HP: 31/53 MP: 5/5
  1621 | D:3      | Noticed Terence
  1630 | D:3      | Killed Terence
  1645 | D:3      | Noticed Sigmund
  1646 | D:3      | Noticed Crazy Yiuf
  1655 | D:3      | Killed Crazy Yiuf
  1666 | D:3      | Killed Sigmund
  1666 | D:3      | Reached skill level 5 in Fighting
  2112 | D:4      | Noticed Edmund
  2127 | D:4      | Killed Edmund
  2127 | D:4      | Reached XP level 7. HP: 16/61 MP: 6/6
  2485 | D:4      | Reached skill level 6 in Shields
  2522 | D:4      | Found a burning altar of Makhleb.
  2979 | D:4      | Found a shimmering altar of Xom.
  3066 | D:4      | Found a shattered altar of Ashenzari.
  3086 | D:5      | Entered Level 5 of the Dungeon
  3096 | D:5      | Found a staircase to the Ecumenical Temple.
  3113 | Temple   | Entered the Ecumenical Temple
  3213 | D:5      | Reached skill level 5 in Axes
  3213 | D:5      | Reached XP level 8. HP: 70/70 MP: 7/7
  3790 | D:5      | Reached skill level 7 in Armour
  3885 | D:6      | Found a sand-covered staircase.
  3891 | Ossuary  | Entered an ossuary
  4247 | D:6      | Found a shadowy altar of Dithmenos.
  4260 | D:6      | Reached skill level 5 in Dodging
  4705 | D:6      | Gained mutation: Your body sometimes deteriorates upon taking damage. [mutagenic meat]
  4706 | D:6      | Gained mutation: You possess an exceptional clarity of mind. [potion of mutation]
  4706 | D:6      | Gained mutation: You are partially covered in rugged brown scales (AC +1, +3% HP). [potion of mutation]
  4706 | D:6      | Gained mutation: You expend magic power (3 MP) to strengthen your wands. [potion of mutation]
  4707 | D:6      | Gained mutation: You evolve. [potion of mutation]
  4707 | D:6      | Gained mutation: You are resistant to hostile enchantments. [potion of mutation]
  5163 | D:7      | Reached XP level 9. HP: 81/81 MP: 8/8
  5197 | D:7      | Gained mutation: Your system is resistant to poisons. [evolution]
  5592 | D:7      | Found a sacrificial altar of Ru.
  5746 | D:7      | Reached skill level 8 in Shields
  6095 | D:7      | Gained mutation: You are mostly covered in rugged brown scales (AC +2, +5% HP). [evolution]
  6237 | D:8      | Found a glowing golden altar of the Shining One.
  6950 | D:8      | Reached XP level 10. HP: 70/92 MP: 9/9
  7005 | D:8      | Reached skill level 9 in Shields
  7056 | D:8      | HP: 1/94 [something (6)]
  8032 | D:9      | Found a white marble altar of Elyvilon.
  8094 | D:9      | Found an iron altar of Okawaru.
  8104 | D:9      | Became a worshipper of Warmaster Okawaru
  8115 | D:9      | Found a flagged portal.
  8122 | D:9      | Got a shimmering hand axe
  8123 | D:9      | Identified the +12 hand axe of the Volcano {freeze, rPois Str-5 Int+5} (You found it on level 9 of the Dungeon)
  8126 | Bailey   | Entered a bailey
  8326 | Bailey   | Identified the Compendium of Changing and Good Luck
  8749 | D:9      | Gained mutation: You have large cloven feet. [evolution]
  8749 | D:9      | Lost mutation: You evolve. [end of evolution]
  8767 | D:9      | Found a radiant altar of Vehumet.
  9091 | D:9      | Reached * piety under Okawaru
  9091 | D:9      | Reached skill level 10 in Shields
  9192 | D:10     | Entered Level 10 of the Dungeon
  9207 | D:10     | Found a staircase to the Orcish Mines.
  9403 | D:10     | Killed an unseen horror
  9403 | D:10     | Reached skill level 10 in Axes
  9444 | D:10     | Reached ** piety under Okawaru
  9444 | D:10     | Reached XP level 11. HP: 63/101 MP: 10/10
 10125 | D:11     | Reached skill level 10 in Armour
 10160 | D:11     | Gained mutation: You are clumsy. (Dex -2) [mutagenic meat]
 10161 | D:11     | Gained mutation: You are highly resistant to hostile enchantments. [mutagenic meat]
 10188 | D:11     | Found a deep blue altar of Sif Muna.
 10202 | D:11     | Reached *** piety under Okawaru
 10511 | D:11     | Reached skill level 11 in Axes
 10643 | D:11     | Noticed a sun demon
 10651 | D:11     | Found a staircase to the Lair.
 10925 | D:11     | Reached **** piety under Okawaru
 10925 | D:11     | Reached skill level 10 in Fighting
 11525 | Lair:1   | Entered Level 1 of the Lair of Beasts
 11758 | Lair:1   | Reached ***** piety under Okawaru
 12128 | Lair:1   | Reached XP level 12. HP: 107/112 MP: 11/11
 12157 | Lair:1   | Reached skill level 12 in Axes
 13429 | Lair:3   | Received a gift from Okawaru
 13876 | Lair:3   | Noticed Snorg
 13888 | Lair:3   | Killed Snorg
 13897 | Lair:3   | Got a pitted leather armour
 13909 | Lair:3   | Identified the +1 leather armour of the Last Dances {rC- rN+ Str+5} (You found it on level 3 of the Lair of Beasts)
 14277 | Lair:4   | Got a spiked ring mail
 14288 | Lair:4   | Identified the cursed +0 ring mail of Dishonour {Str+5 Int+2} (You found it on level 4 of the Lair of Beasts)
 14327 | Lair:4   | Found a hole to the Spider Nest.
 14327 | Lair:4   | Found a staircase to the Swamp.
 14328 | Lair:4   | Noticed a six-headed hydra
 14696 | Lair:3   | Reached skill level 13 in Axes
 14728 | Lair:4   | Killed a six-headed hydra
 14867 | Lair:4   | Got a warped ring mail
 14878 | Lair:4   | Identified the +3 ring mail "Toesied" {rElec Slay+3 SInv} (You found it on level 4 of the Lair of Beasts)
 14905 | Lair:4   | Received a gift from Okawaru
 14967 | Lair:4   | Reached skill level 1 in Maces & Flails
 14967 | Lair:4   | Reached skill level 1 in Invocations
 15028 | Lair:4   | Noticed Urug
 15036 | Lair:4   | Killed Urug
 15036 | Lair:4   | Reached XP level 13. HP: 101/121 MP: 12/12
 15212 | Lair:4   | Noticed a seven-headed hydra
 15231 | Lair:4   | Killed a seven-headed hydra
 16245 | Lair:5   | Received a gift from Okawaru
 16690 | Lair:6   | Reached skill level 10 in Dodging
 17032 | Lair:6   | Received a gift from Okawaru
 17033 | Lair:6   | Got an encrusted crystal plate armour {god gift}
 17343 | Lair:6   | Identified the +13 crystal plate armour "Wess" {Regen+} (Okawaru gifted it to you on level 6 of the Lair of Beasts)
 17357 | Lair:6   | Found a staircase to the Slime Pits.
 17626 | Lair:6   | Reached skill level 14 in Axes
 17952 | Lair:7   | Got a twitching wooden ring
 17954 | Lair:7   | Identified the ring of Mixeipaz {rC+ Dex+3} (You found it on level 7 of the Lair of Beasts)
 18069 | Lair:7   | Reached XP level 14. HP: 133/133 MP: 14/14
 18915 | Lair:8   | Entered Level 8 of the Lair of Beasts
 19099 | Lair:8   | Reached ****** piety under Okawaru
 19238 | Lair:8   | Found an opulent altar of Gozag.
 19616 | Lair:8   | Found a runed door.
 19664 | Lair:8   | Received a gift from Okawaru
 19689 | Lair:8   | Reached skill level 15 in Axes
 20278 | Orc:1    | Entered Level 1 of the Orcish Mines
 20488 | Orc:1    | Noticed Nergalle
 20503 | Orc:1    | Killed Nergalle
 20538 | Orc:1    | Found a roughly hewn altar of Beogh.
 21298 | Orc:3    | Noticed Rupert
 21309 | Orc:3    | Killed Rupert
 21423 | Orc:3    | Found Febuemme's Assorted Antiques.
 21430 | Orc:3    | Bought a transparent cloak for 237 gold pieces
 21440 | Orc:3    | Identified the +0 cloak of Duck's Teeth {-Cast rPois rCorr} (You bought it in a shop on level 3 of the Orcish Mines)
 21490 | Orc:3    | Reached skill level 15 in Shields
 21839 | Orc:4    | Entered Level 4 of the Orcish Mines
 22080 | Orc:4    | Found a staircase to the Elven Halls.
 22153 | Orc:4    | Found a roughly hewn altar of Beogh.
 22441 | Orc:4    | Noticed an orc warlord
 22639 | Orc:4    | Killed an orc warlord
 22639 | Orc:4    | Reached skill level 16 in Axes
 22736 | Orc:4    | Received a gift from Okawaru
 22737 | Orc:4    | Got a crude war axe {god gift}
 22749 | Orc:4    | Reached XP level 15. HP: 116/143 MP: 15/15
 22788 | Orc:4    | Found Laanizay's General Store.
 22789 | Orc:4    | Found Diosud's Jewellery Shop.
 22800 | Orc:4    | Found Toc Mesi's Antique Armour Shop.
 22800 | Orc:4    | Found Unuck's Antique Weapon Boutique.
 22807 | Orc:4    | Bought a scroll of teleportation for 36 gold pieces
 22808 | Orc:4    | Upgraded the game from 0.17-a0-2064-g265a032 to 0.17-a0-2069-g0f4ee5b
 23161 | Orc:4    | Identified the +6 war axe of the Imperium {venom, rPois rC+ Dex+2} (Okawaru gifted it to you on level 4 of the Orcish Mines)
 23339 | Orc:3    | Bought a marble ring for 125 gold pieces
 23400 | Orc:4    | Bought an uncursed amulet of resist mutation for 480 gold pieces
 23400 | Orc:4    | Bought an uncursed ring of invisibility for 360 gold pieces
 23649 | Spider:1 | Entered Level 1 of the Spider Nest
 24081 | Spider:1 | Received a gift from Okawaru
 24721 | Spider:2 | Received a gift from Okawaru
 24994 | Spider:2 | Reached skill level 1 in Evocations
 25021 | Spider:2 | Reached skill level 17 in Axes
 25174 | Spider:2 | Gained mutation: You can spit weak poison. [potion of beneficial mutation]
 25187 | Spider:2 | Got a dazzling chain mail
 25198 | Spider:2 | Identified the cursed +0 chain mail "Xostus" {SInv} (You found it on level 2 of the Spider Nest)
 25418 | Spider:3 | Received a gift from Okawaru
 25419 | Spider:3 | Got a transparent war axe {god gift}
 25420 | Spider:3 | Identified the +3 war axe of Prudence {chop, rF+} (Okawaru gifted it to you on level 3 of the Spider Nest)
 25817 | Spider:3 | Reached skill level 15 in Fighting
 26599 | Spider:4 | Entered Level 4 of the Spider Nest
 26606 | Spider:4 | Received a gift from Okawaru
 26703 | Spider:4 | Reached XP level 16. HP: 151/156 MP: 7/16
 27289 | Spider:4 | Reached skill level 18 in Axes
 27320 | Spider:4 | Received a gift from Okawaru
 27352 | Spider:4 | Gained mutation: You have a pair of large horns on your head. [mutagenic meat]
 27355 | Spider:4 | Gained mutation: You are occasionally teleported to nearby monsters. [mutagenic meat]
 27388 | Spider:4 | Received a gift from Okawaru
 27812 | Spider:4 | Got a gossamer rune of Zot
 28100 | Lair:2   | Lost mutation: Your body sometimes deteriorates upon taking damage. [potion of cure mutation]
 28100 | Lair:2   | Lost mutation: You have a pair of large horns on your head. [potion of cure mutation]
 28100 | Lair:2   | Lost mutation: You have large cloven feet. [potion of cure mutation]
 28100 | Lair:2   | Lost mutation: You are highly resistant to hostile enchantments. [potion of cure mutation]
 28100 | Lair:2   | Lost mutation: You are mostly covered in rugged brown scales (AC +2, +5% HP). [potion of cure mutation]
 28101 | Lair:2   | Lost mutation: You are partially covered in rugged brown scales (AC +1, +3% HP). [potion of cure mutation]
 28101 | Lair:2   | Lost mutation: You are occasionally teleported to nearby monsters. [potion of cure mutation]
 28101 | Lair:2   | Lost mutation: You can spit weak poison. [potion of cure mutation]
 28101 | Lair:2   | Lost mutation: You expend magic power (3 MP) to strengthen your wands. [potion of cure mutation]
 28217 | Swamp:1  | Entered Level 1 of the Swamp
 29036 | Swamp:2  | Received a gift from Okawaru
 29864 | Swamp:3  | Reached skill level 15 in Armour
 29872 | Swamp:3  | Reached XP level 17. HP: 158/158 MP: 17/17
 29896 | Swamp:3  | Reached skill level 19 in Axes
 30126 | Swamp:3  | Got a crude shortbow
 30127 | Swamp:3  | Identified the +7 shortbow of Famine {freeze, *Drain rN+++} (You found it on level 3 of the Swamp)
 30705 | Swamp:4  | Entered Level 4 of the Swamp
 30740 | Swamp:4  | Noticed Mara
 30843 | Swamp:4  | Received a gift from Okawaru
 30934 | Swamp:4  | Mangled by Mara

Vault maps used:
D:1:      eino_arrival_water_cross
D:2:      lemuel_crystal_altar
D:3:      lemuel_zombie_altar_yredelemnul, lemuel_round_altar,
          gup_sewer_entry_bubbles, first_bread, ecumenical_altar_1,
          uniq_crazy_yiuf_cottage, uniq_sigmund, uniq_jessica, uniq_terence
D:4:      led_xom_imps, bloody_makhleb, lemuel_coloured_pillars_altar,
          uniq_edmund
D:5:      minmay_temple_entry_junction, minmay_misc_feat_secret_circle,
          hangedman_abyss_or_decor_passed
D:6:      grunt_dithmenos_smoke_and_mirrors, nicolae_ossuary_entry_monument,
          amethyst_killhole, fountainhead
D:7:      nicolae_ru_great_annihilating_truth
D:8:      hangedman_pestilent_swarm, nicolae_tso_besieged_by_evil
D:9:      overflow_temple_1_default, kennysheep_mini, okawaru_gym_becter,
          enter_bailey_2
D:10:     orc_0_dummy
D:11:     dpeg_oklobed_lair, basic_altar
Temple:   circular_temple_pool_8
Lair:3:   serial_bayou_crossing, uniq_snorg
Lair:4:   swamp_mist, spider_nest_entry_a, uniq_urug
Lair:5:   nicolae_quartered_pool_medium, infiniplex_staircase_pool_2
Lair:6:   slime_dummy, wad_woods_06
Lair:7:   minivault_27, minmay_lair_drake_nest
Lair:8:   guppyfry_lair_end_dragon, wormcave, basic_altar
Swamp:1:  nicolae_swamp_treefoil
Swamp:2:  serial_swamp_ruin, evilmike_swamp_ruin_house_1,
          evilmike_swamp_ruin_rubble_2, evilmike_swamp_ruin_house_6,
          infiniplex_staircase_pool
Swamp:3:  nicolae_swamp_fairy_circle
Swamp:4:  swamp_alternative, uniq_mara, uniq_louise
Spider:1: cheibrodos_spider_creepycove
Spider:2: spiders_nest_scorpion_pit
Spider:3: minmay_another_anthill
Spider:4: grunt_spider_rune_circles
Orc:1:    basic_altar, statue_in_the_mist_lemuel, rock_pile, uniq_nergalle
Orc:3:    serial_shops, shop, nicolae_orc_pool_cavern, uniq_rupert
Orc:4:    st_orc_congregation, kennysheep_orc_chapel
Ossuary:  ossuary_minmay_chase
Bailey:   bailey_axe_4, bailey

Action                   |  1- 3 |  4- 6 |  7- 9 | 10-12 | 13-15 | 16-18 || total
-------------------------+-------+-------+-------+-------+-------+-------++-------
Melee: War axe           |   109 |   135 |   425 |    97 |     8 |   474 ||  1248
       Hand axe          |       |       |       |   655 |  1173 |    10 ||  1838
       Morningstar       |       |       |       |    14 |    25 |       ||    39
       Broad axe         |       |       |       |       |   316 |   383 ||   699
Throw: Throwing net      |       |       |       |       |       |     1 ||     1
Invok: Heroism           |       |       |       |     2 |     4 |     3 ||     9
       Finesse           |       |       |       |     1 |       |     2 ||     3
 Abil: Evoke Flight      |       |       |       |     5 |     5 |       ||    10
       Stop Flying       |       |       |       |       |     4 |       ||     4
Evoke: Wand              |       |       |       |       |     1 |       ||     1
  Use: Scroll            |       |     7 |     1 |    21 |    19 |     2 ||    50
       Potion            |       |     3 |     4 |     1 |     2 |     2 ||    12
 Stab: Confused          |       |       |       |       |     2 |       ||     2
       Held in net/web   |       |       |       |       |       |     2 ||     2
  Eat: Chunk             |       |     4 |    16 |    47 |    40 |    23 ||   130
       Fruit             |       |       |     2 |       |       |       ||     2
       Beef jerky        |       |       |       |     4 |       |       ||     4
       Pizza             |       |       |       |     1 |       |       ||     1
